 Dungeon Crawl Stone Soup version 0.17-a0-1920-gafa4d75 (webtiles) character file.

817 kosy22 the Ducker (level 7, -16/105 HPs)
             Began as a Troll Berserker on Sept 27, 2015.
             Was an Elder of Trog.
             Demolished by Loris's ghost (20 damage)
             ... on level 5 of the Dungeon.
             The game lasted 00:15:11 (4371 turns).

kosy22 the Ducker (Troll Berserker)                 Turns: 4371, Time: 00:15:11

Health: -16/105    AC:  6    Str: 33    XL:     7   Next: 62%
Magic:  15/15      EV: 11    Int:  3    God:    Trog [****..]
Gold:   276        SH:  0    Dex:  9    Spells: 0 memorised, 6 levels left

rFire  . . .     SeeInvis .     y - +1 flail (venom)
rCold  . . .     Clarity  .     a - +1 animal skin
rNeg   . . .     SustAt   .     (no shield)
rPois  .         Gourm    +     (helmet restricted)
rElec  .         Spirit   .     (no cloak)
rCorr  .         Warding  .     (gloves unavailable)
rMut   .         Stasis   .     (boots unavailable)
MR     .....                    (no amulet)
Stlth  ..........               (no ring)
                                l - ring of magical power

@: berserking (expiring), very quick, not resistant to hostile enchantments,
extremely unstealthy
A: unfitting armour, claws 3, fast metabolism 3, gourmand, regeneration 2,
shaggy fur 1, tough skin 2
a: Burn Spellbooks, Berserk, Trog's Hand, Brothers in Arms, Renounce Religion


You were on level 5 of the Dungeon.
You worshipped Trog.
Trog was greatly pleased with you.
You were not hungry.

You visited 1 branch of the dungeon, and saw 5 of its levels.

You collected 276 gold pieces.

Inventory:

Hand weapons
 o - a +2 dagger of flaming
 y - a +1 flail of venom (weapon)
 C - a +0 dagger of flaming
Missiles
 b - 7 tomahawks (quivered)
 B - 5 large rocks
Armour
 a - a +1 animal skin (worn)
Jewellery
 e - an uncursed amulet of clarity
 l - a ring of magical power (left claw)
Magical devices
 x - a wand of polymorph (21)
 z - a wand of random effects (48)
Scrolls
 q - a scroll of enchant weapon {unknown}
 u - a scroll of teleportation
 w - a scroll of remove curse
 D - a scroll of recharging
Potions
 d - a potion of ambrosia
 f - a potion of heal wounds
 h - a potion of mutation {unknown}
 j - a potion of curing
 k - 2 potions of flight
 n - a potion of magic {unknown}
 r - a potion of lignification {unknown}
 s - a potion of brilliance {unknown}
 t - a potion of agility {unknown}
Miscellaneous
 A - a plain deck of changes {the Helix}
Comestibles
 c - a meat ration
 g - a fruit
 i - a bread ration
 m - a beef jerky
 p - 2 slices of pizza


   Skills:
 + Level 4.0 Fighting
 + Level 0.7 Short Blades
 + Level 1.7 Maces & Flails
 + Level 6.0 Dodging
 + Level 0.5 Stealth
 + Level 3.7 Unarmed Combat


You had 6 spell levels left.
You didn't know any spells.

Dungeon Overview and Level Annotations

Branches:
Dungeon (5/15)
 Temple: D:4-7

Altars:
Ashenzari
Cheibriados
Nemelex Xobeh
Okawaru

Annotations:
D:5 Loris's ghost, experienced HOGl


Innate Abilities, Weirdness & Mutations

You are too large for most types of armour.
You have claws for hands.
Your metabolism is lightning-fast.
You like to eat raw meat.
You heal very quickly.
You are covered in fur (AC +1).
You have very tough skin (AC +2).


Message History

You sock Loris's ghost!
Loris's ghost is moderately damaged.
Loris's ghost barely misses you.
You completely miss Loris's ghost.
Loris's ghost is moderately damaged.
Loris's ghost barely misses you.
You sock Loris's ghost!
Loris's ghost is heavily damaged.
You sock Loris's ghost!
Loris's ghost is severely damaged.
Loris's ghost hits you!
* * * LOW HITPOINT WARNING * * *
You barely miss Loris's ghost.
Loris's ghost is severely damaged.
Loris's ghost hits you!
* * * LOW HITPOINT WARNING * * *
You closely miss Loris's ghost.
Loris's ghost is severely damaged.
Loris's ghost hits you!!
You die...

+.......# #.......#
#.......#
#.......#########
###...............#
............[......
#######...........#
......'............
#######....@W.<...#
#.$.........#
#...........#
#............
#............
#............
###########.. ..


You could see Loris's ghost.

Vanquished Creatures
  Purgy (D:4)
  The ghost of Yermak the Sneak, an average OpAs (D:3)
  Blork the orc (D:4)
  The ghost of Yermak the Sneak, a weakling OpAs of Cheibriados (D:4)
  A hound (D:4)
  A jelly (D:5)
  Jessica (D:3)
  A centaur skeleton (D:4)
  An iguana (D:4)
  4 worker ants (D:4)
  3 orc wizards (D:3)
  Robin (D:4)
  3 gnolls (D:4)
  A river rat (D:3)
  6 adders
  2 oozes
  A worm (D:4)
  3 giant geckos (D:3)
  9 orcs (D:3)
  13 bats
  4 giant cockroaches
  13 goblins
  10 hobgoblins
  A quokka (D:4)
  7 giant newts
  3 jackals (D:4)
  A jackal zombie (D:4)
  4 kobolds
  A quokka skeleton (D:4)
  14 rats
113 creatures vanquished.

Notes
Turn   | Place    | Note
--------------------------------------------------------------
     0 | D:1      | kosy22 the Troll Berserker began the quest for the Orb.
     0 | D:1      | Reached XP level 1. HP: 22/22 MP: 0/0
   465 | D:1      | Reached XP level 2. HP: 29/29 MP: 1/1
  1137 | D:2      | Acquired Trog's second power
  1193 | D:2      | Reached XP level 3. HP: 36/36 MP: 2/2
  1827 | D:3      | Reached XP level 4. HP: 42/44 MP: 3/3
  1890 | D:3      | Found an iron altar of Okawaru.
  2148 | D:3      | Found a shattered altar of Ashenzari.
  2302 | D:3      | Reached XP level 5. HP: 52/52 MP: 4/4
  2341 | D:3      | Reached skill level 4 in Dodging
  2403 | D:3      | Noticed Jessica
  2405 | D:3      | Found a snail-covered altar of Cheibriados.
  2417 | D:3      | Killed Jessica
  2449 | D:3      | Found a sparkling altar of Nemelex Xobeh.
  2452 | D:3      | Noticed Yermak's ghost (average OpAs)
  2461 | D:3      | Killed Yermak's ghost
  2531 | D:3      | Reached XP level 6. HP: 58/61 MP: 5/5
  2923 | D:4      | Noticed Robin
  2938 | D:4      | Reached skill level 1 in Maces & Flails
  2942 | D:4      | Killed Robin
  3279 | D:4      | Noticed Yermak's ghost (weakling OpAs)
  3295 | D:4      | Reached skill level 5 in Dodging
  3303 | D:4      | Killed Yermak's ghost
  3479 | D:4      | Reached XP level 7. HP: 31/68 MP: 6/6
  3594 | D:4      | Noticed Purgy
  3602 | D:4      | Killed Purgy
  3759 | D:4      | Acquired Trog's third power
  3784 | D:4      | Noticed Blork the orc
  3795 | D:4      | Killed Blork the orc
  4286 | D:5      | Entered Level 5 of the Dungeon
  4352 | D:5      | Noticed Loris's ghost (experienced HOGl)
  4355 | D:5      | Reached skill level 6 in Dodging
  4370 | D:5      | HP: 3/105 [Loris's ghost (10)]
  4371 | D:5      | Demolished by Loris's ghost

Vault maps used:
D:1:      scummos_arrival_gate, serial_bayou_ford_a, minivault_14, minivault_24
D:2:      first_bread, minmay_misc_feat_four_crosses
D:3:      okawaru_gym_becter, evilmike_ruin_ashenzari, cheibriados_altar_1,
          gup_sewer_entry_bubbles, nemelex_deck, uniq_jessica
D:4:      uniq_purgy, uniq_blork_the_orc, uniq_robin
D:5:      serial_glass, glass_columns_a, glass_columns_c, glass_columns_a,
          glass_columns_c, serial_shops, kennysheep_mini,
          kennysheep_small_square

Action                   |  1- 3 |  4- 6 |  7- 9 || total
-------------------------+-------+-------+-------++-------
Melee: Unarmed           |    97 |       |       ||    97
       Dagger            |    35 |    53 |       ||    88
       Flail             |       |   115 |    61 ||   176
Invok: Berserk           |       |     2 |     1 ||     3
       Trog's Hand       |       |     1 |       ||     1
  Use: Scroll            |     5 |     4 |     2 ||    11
       Potion            |     1 |     4 |       ||     5
  Eat: Bread ration      |     2 |     1 |       ||     3
       Fruit             |     2 |       |       ||     2
       Chunk             |     2 |    15 |     8 ||    25
       Meat ration       |     1 |       |       ||     1
